 Dungeon Crawl Stone Soup version 0.30-a0-5-g3a90980b9d (webtiles) character file.

Game seed: 2250352328963562070

165 Plasmagod the Trooper (level 5, -22/52 HPs)
             Began as a Minotaur Monk on Aug 22, 2022.
             Was an Elder of Cheibriados.
             Killed from afar by an oklob plant (28 damage)
             ... with a splash of acid
             ... on level 3 of the Dungeon.
             The game lasted 00:03:44 (2574 turns).

Plasmagod the Trooper (Minotaur Monk)               Turns: 2574, Time: 00:03:45

Health: -22/52     AC:  0    Str: 27    XL:     5   Next: 21%
Magic:  4/4        EV: 10    Int: 16    God:    Cheibriados [****..]
Gold:   105        SH:  0    Dex: 21    Spells: 4/4 levels left

rFire   . . .      SeeInvis .    k - +2 mace (drain)
rCold   . . .      Faith    .    (no shield)
rNeg    . . .      Spirit   .    q - +0 chain mail
rPois   .          Reflect  .    (helmet restricted)
rElec   .          Harm     .    (no cloak)
rCorr   .          Rampage  .    (no gloves)
Will    .....                    (no boots)
Stlth   ..........               (no amulet)
HPRegen 0.17/turn                (no ring)
MPRegen 0.09/turn                (no ring)

@: corroded, very slow
A: horns 2, retaliatory headbutt
a: Renounce Religion, Bend Time, Temporal Distortion, Slouch


You were on level 3 of the Dungeon.
You worshipped Cheibriados.
Cheibriados was greatly pleased with you.
You visited 1 branch of the dungeon, and saw 3 of its levels.

You collected 105 gold pieces.

Inventory:

Hand Weapons
 a - a +0 hand axe
 k - a +2 mace of draining (weapon)
Armour
 q - a +0 chain mail (worn)
Jewellery
 o - a ring of magical power
Scrolls
 d - a scroll of blinking {unknown}
 e - 5 scrolls of teleportation {unknown}
 g - a scroll of magic mapping {unknown}
 h - a scroll of vulnerability {unknown}
 j - 2 scrolls of identify {unknown}
 p - a scroll of amnesia {unknown}
 r - a scroll of summoning {unknown}
 t - a scroll of acquirement {unknown}
Potions
 b - 2 potions of brilliance {unknown}
 c - a potion of ambrosia
 f - a potion of attraction {unknown}
 i - a potion of resistance {unknown}
 l - a potion of heal wounds {unknown}
 m - 2 potions of haste {unknown}
 n - a potion of degeneration {unknown}
 s - a potion of mutation {unknown}


   Skills:
 + Level 7.0 Fighting
 - Level 3.9 Axes
 - Level 3.3 Dodging
 - Level 1.6 Stealth


You had 4 spell levels left.
You didn't know any spells.
Your spell library contained the following spells:

 Spells                   Type           Power      Damage    Failure   Level
 Apportation              Tloc           0%         N/A       87%         1
 Alistair's Intoxication  Tmut/Pois      0%         N/A       100%        5


Dungeon Overview and Level Annotations

Branches:
Dungeon (3/15)

Altars:
Cheibriados
Fedhas

Shops:
D:3 *

Annotations:
D:3 exclusion: oklob plant


Innate Abilities, Weirdness & Mutations

You have a pair of horns on your head.
You reflexively headbutt those who attack you in melee.


Message History

You sock the fungus! You drain the fungus. You headbutt the fungus!
The fungus is moderately damaged.
You hit the fungus. You headbutt the fungus.
The fungus is moderately damaged.
You hit the fungus but do no damage. You headbutt the fungus.
The fungus is moderately damaged.
A nearby fungus withers and dies.
You hit the plant.
The plant begins to die.
You drain the plant.
The plant is lightly damaged.
You sock the plant! You drain the plant. You headbutt the plant!
The plant is lightly damaged.
You sock the plant!
The plant is moderately damaged.
A nearby plant withers and dies.
You hit the oklob plant. You drain the oklob plant.
You headbutt the oklob plant!
The oklob plant is moderately damaged.
The oklob plant spits acid at you. The splash of acid hits you!
The acid corrodes you!
You hit the oklob plant but do no damage.
You drain the oklob plant.
You headbutt the oklob plant, but do no damage.
The oklob plant is moderately damaged.
You thump the oklob plant! You drain the oklob plant.
The oklob plant is heavily damaged.
The oklob plant spits acid at you. The splash of acid hits you!!
Ouch! That really hurt!
* * * LOW HITPOINT WARNING * * *
The acid corrodes you!
You sock the oklob plant! You drain the oklob plant.
The oklob plant is almost destroyed.
You hit the oklob plant but do no damage.
You drain the oklob plant.
You headbutt the oklob plant, but do no damage.
The oklob plant is almost destroyed.
The oklob plant spits acid at you. The splash of acid hits you!!
Ouch! That really hurt!
You die...

### #.# #.# #.# ## #.# .
####.######### ##################
...†.........# #PPP.#.#.P##PPPPP#
.###.#########.#P.#PPPP.#PPP.PP#P
.............##P@.PPPPPP#P#P.#P#P
####..>......##..P.PPP#PPP.PPP..#
# #.........#PP.P..........#PP##
## #.........#PP.PP#..~~≈≈~...PPP
.###....†....##PPPP..~≈≈≈≈≈~..##P
.............##PP#..≈≈≈≈≈≈≈≈~..PP
.###.#####.#.#P#P#.~≈≈~≈~~~~≈~..P
.# #.# #.#.#.P#P.~~~~...≈≈≈≈.##
.# #.# #.#.#P#PP......_.~≈≈~...


You could see an oklob plant (very drained).

Vanquished Creatures
  An orc priest (D:3)
  Jessica (D:2)
  An orc wizard (D:3)
  5 worms
  A dart slug (D:3)
  6 orcs (D:3)
  6 endoplasms
  3 giant cockroaches
  7 hobgoblins
  2 jackals (D:3)
  5 kobolds
  2 quokkas
  7 ball pythons
  5 bats
  2 frilled lizards (D:1)
  4 goblins
  5 rats
63 creatures vanquished.

Vanquished Creatures (others)
  A fungus (D:3)
  3 plants (D:3)
4 creatures vanquished.

Grand Total: 67 creatures vanquished

Notes
Turn   | Place    | Note
-------+----------+-------------------------------------------
     0 | D:1      | Plasmagod the Minotaur Monk began the quest for the Orb.
     0 | D:1      | Reached XP level 1. HP: 19/19 MP: 0/0
   266 | D:1      | Found a faded altar of an unknown god.
   287 | D:1      | Reached skill level 4 in Fighting
   287 | D:1      | Reached XP level 2. HP: 24/27 MP: 1/1
   291 | D:1      | Prayed at the altar of an unknown god.
   291 | D:1      | Became a worshipper of Cheibriados the Contemplative
   291 | D:1      | Reached * piety under Cheibriados
   291 | D:1      | Reached ** piety under Cheibriados
   486 | D:1      | Reached *** piety under Cheibriados
   835 | D:2      | Reached XP level 3. HP: 8/35 MP: 2/2
  1106 | D:2      | Noticed Jessica
  1113 | D:2      | Killed Jessica
  1114 | D:2      | Reached skill level 5 in Fighting
  1372 | D:2      | Reached XP level 4. HP: 42/44 MP: 3/3
  1786 | D:3      | Reached skill level 6 in Fighting
  2184 | D:3      | Reached **** piety under Cheibriados
  2225 | D:3      | Reached XP level 5. HP: 51/51 MP: 4/4
  2365 | D:3      | Reached skill level 7 in Fighting
  2470 | D:3      | Found Kumiak's General Store.
  2532 | D:3      | Found a blossoming altar of Fedhas.
  2547 | D:3      | Noticed an oklob plant
  2574 | D:3      | Killed from afar by an oklob plant

Illustrated notes

Levels and vault maps discovered:
D:1:      lemuel_arrival_muddy, layout_rooms, shapermc_ecumenical_altar_venn
D:2:      layout_basic, uniq_jessica
D:3:      wander_river, layout_basic, tgw_fedhas, serial_shops,
          nicolae_shop_waterfront, nicolae_titane

Skill      XL: |  1  2  3  4  5 |
---------------+----------------+-----
Fighting       | 4 5 6 7 |  7.0
Axes           | |  3.9
Dodging        | |  3.3
Stealth        | |  1.6

Action                   |  1- 3 |  4- 6 || total
-------------------------+-------+-------++-------
Melee: Hand axe          |    57 |       ||    57
       Headbutt          |     6 |    18 ||    24
       Punch             |     1 |       ||     1
       Mace              |     9 |    57 ||    66
 Stab: Sleeping          |     3 |     1 ||     4
Armor: Robe              |    12 |     1 ||    13
       Chain mail        |       |     8 ||     8
Dodge: Dodged            |    46 |    29 ||    75

Table legend: (Time is in decaauts)
 A = Elapsed time spent in this place.
 B = Non-inter-level travel time spent in this place.
 C = Inter-level travel time spent in this place.
 D = Time resting spent in this place.
 E = Time spent auto-exploring this place.
 F = Levels seen in this place.
 G = Mean time per level.
                   A        B        C        D        E       F      G
               +--------+--------+--------+--------+--------+-----+--------+
         Total |   3491 |   3451 |     40 |      0 |   2942 |   3 | 1163.7 |
       Dungeon |   3491 |   3451 |     40 |      0 |   2942 |   3 | 1163.7 |
               +--------+--------+--------+--------+--------+-----+--------+

Top non-repeatable levels by time:
     D:2: 1305 daAuts
     D:3: 1147 daAuts
     D:1: 1039 daAuts
